 Dungeon Sprint DCSS version 0.19-a0-860-g5c370dd (webtiles) character file.

7035 LORDOFBUTT the Bludgeoner (level 10, -4/95 HPs)
             Began as a Demonspawn Berserker on July 3, 2016.
             Was the Champion of Trog.
             Killed by divine providence
             ... invoked by an orc high priest
              (11 damage)
             ... in the Dungeon (Sprint IX: "|||||||||||||||||||||||||||||").
             The game lasted 00:03:38 (1368 turns).

LORDOFBUTT the Bludgeoner (Demonspawn Berserker)    Turns: 1368, Time: 00:03:39

Health: -4/95      AC: 14    Str: 21    XL:     10   Next: 83%
Magic:  10/10      EV: 20    Int:  8    God:    Trog [******]
Gold:   627        SH:  0    Dex: 16    Spells: 0 memorised, 9 levels left

rFire  . . .     SeeInvis .     v - +2 eveningstar (protect)
rCold  + . .     Gourm    .     b - +0 animal skin
rNeg   . . .     Faith    .     (no shield)
rPois  .         Spirit   .     (helmet restricted)
rElec  .         Dismiss  .     o - +0 cloak
rCorr  .         Reflect  .     y - +0 pair of gloves
SustAt .         Harm     .     (no boots)
MR     .....     NoTele   +     (no amulet)
Stlth  ++........               n - +2 ring of protection
                                m - +3 ring of strength

@: exhausted, slowed, very slow, not resistant to hostile enchantments,
unstealthy
A: horns 2, slimy green scales 1, cold resistance 1, rot immunity
a: Berserk, Trog's Hand, Brothers in Arms, Burn Spellbooks, Renounce Religion


You were in the Dungeon.
You worshipped Trog.
Trog was exalted by your worship.
You were not hungry.

You visited 1 branch You collected 627 gold pieces.

Inventory:

Hand Weapons
 u - a +4 dire flail of draining
 v - a +2 eveningstar of protection (weapon)
Armour
 b - a +0 animal skin (worn)
 o - a +0 cloak (worn)
 y - a +0 pair of gloves (worn)
Jewellery
 m - a +3 ring of strength (left hand)
 n - a +2 ring of protection (right hand)
Wands
 l - a wand of lightning (7/15)
Scrolls
 i - 2 scrolls of blinking
 k - 6 scrolls of remove curse
 r - a scroll of fear
 s - 2 scrolls of fog
 t - a scroll of identify
Potions
 c - a potion of agility
 d - 6 potions of curing
 e - 5 potions of heal wounds
 f - a potion of haste
 g - 4 potions of magic
 h - a potion of berserk rage
 j - a potion of invisibility
 p - 2 potions of brilliance
 q - a potion of cure mutation
Comestibles
 a - 40 fruits
 w - 12 bread rations
 x - 11 meat rations


   Skills:
 + Level 14.7 Fighting
 + Level 15.1 Maces & Flails
 + Level 6.0 Armour
 + Level 11.0 Dodging
 + Level 2.7 Stealth


You had 9 spell levels left.
You didn't know any spells.

Dungeon Overview and Level Annotations

Branches:
Dungeon (1/1)

Altars:
Cheibriados
Dithmenos
Elyvilon
Fedhas
Gozag
Hepliaklqana
Kikubaaqudgha
Makhleb
Nemelex Xobeh
Okawaru
Pakellas
Qazlal
Ru
Sif Muna
Trog
Uskayaw
Vehumet
Xom
Yredelemnul
Zin
The Shining One
Beogh
Jiyva
Lugonu


Innate Abilities, Weirdness & Mutations

You have a pair of horns on your head.
You are partially covered in slimy green scales. (AC +2)
Your flesh is cold resistant. (rC+)
You are immune to rotting.


Message History

You closely miss the orc knight.
The orc warrior shouts!
Your headbutt misses the orc knight.
The orc knight is almost dead.
The orc wizard mumbles some strange words.
The orc wizard flickers and vanishes!
Deactivating autopickup; reactivate with Ctrl-A.
The orc warrior misses you.
The orc knight roars a battlecry!
The orc warrior goes into a battle-frenzy!
The orc knight completely misses you.
Your iron troll goes berserk!
You feel quite a bit more hungry.
The orc warrior no longer looks unusually strong.
The orc warrior barely misses you.
The orc knight hits you with a battleaxe.
* * * LOW HITPOINT WARNING * * *
The orc high priest mumbles some strange prayers to Beogh against you.
Beogh smites you!
You die...

▓_▓.▓.▓.▓
▓_▓.▓÷▓.▓o▓
▓_▓.▓÷▓.▓o▓
▓_▓.▓÷▓.▓.▓
▓_▓.▓÷▓.▓o▓
▓_▓.▓)▓.▓o▓
▓_▓.▓.▓.▓o▓
▓_▓.▓.▓.▓o▓
▓_▓.▓.▓.▓@▓
▓_▓.▓.▓.▓T▓
▓_▓.▓.▓.▓.▓
▓_▓.▓.▓.▓.▓
▓_▓.▓.▓.▓)▓
▓_▓.▓.▓.▓.▓
▓_▓.▓†▓.▓.▓
▓_▓.▓.▓.▓.▓
▓_▓.▓.▓.▓.▓


You could see 2 orc knights, an orc high priest, 3 orc warriors and a friendly
iron troll (berserk).

Vanquished Creatures
  A hydra (D)
  Erica (D)
  A hill giant (D)
  An orc sorcerer (D)
  A cyclops (D)
  An ugly thing (D)
  2 komodo dragons (D)
  A blink frog (D)
  A boulder beetle (D)
  A basilisk (D)
  3 hippogriffs (D)
  5 wargs (D)
  A water moccasin (D)
  2 hell hounds (D)
  2 ice beasts (D)
  5 orc warriors (D)
  3 wolves (D)
  2 ogres (D)
  3 centaurs (D)
  2 crocodiles (D)
  4 giant frogs (D)
  A crimson imp (D)
  An orc priest (D)
  4 orc wizards (D)
  An adder (D)
  2 river rats (D)
  A dart slug (D)
  A giant gecko (D)
  7 orcs (D)
  A bat (D)
  A bat skeleton (D)
  A goblin (D)
  A hobgoblin (D)
  A giant gecko zombie (D)
66 creatures vanquished.

Notes
Turn   | Place    | Note
-------+----------+-------------------------------------------
     0 | D        | LORDOFBUTT the Demonspawn Berserker began the quest for the Orb.
     0 | D        | Reached XP level 1. HP: 18/18 MP: 1/1
     4 | D        | Reached skill level 3 in Maces & Flails
     9 | D        | Reached ** piety under Trog
    16 | D        | Gained mutation: Your flesh is cold resistant. (rC+) [demonic ancestry]
    16 | D        | Reached XP level 2. HP: 20/25 MP: 2/2
    22 | D        | Noticed an ogre
    22 | D        | Noticed a crimson imp
    22 | D        | Noticed an ice beast
    26 | D        | Killed an ice beast
    26 | D        | Reached *** piety under Trog
    26 | D        | Reached skill level 5 in Maces & Flails
    26 | D        | Gained mutation: You have a pair of small horns on your head. [demonic ancestry]
    26 | D        | Reached XP level 3. HP: 32/34 MP: 3/3
    26 | D        | Gained mutation: You are partially covered in slimy green scales. (AC +2) [demonic ancestry]
    26 | D        | Reached XP level 4. HP: 38/40 MP: 4/4
    31 | D        | Reached skill level 6 in Maces & Flails
    35 | D        | Killed an ogre
    35 | D        | Reached skill level 7 in Maces & Flails
    35 | D        | Reached XP level 5. HP: 47/48 MP: 5/5
    67 | D        | Reached **** piety under Trog
   158 | D        | Found a glowing silver altar of Zin.
   158 | D        | Found a glowing golden altar of the Shining One.
   158 | D        | Found an ancient bone altar of Kikubaaqudgha.
   158 | D        | Found a basalt altar of Yredelemnul.
   158 | D        | Found a shimmering altar of Xom.
   158 | D        | Found a radiant altar of Vehumet.
   159 | D        | Found an iron altar of Okawaru.
   160 | D        | Found a burning altar of Makhleb.
   161 | D        | Found a deep blue altar of Sif Muna.
   162 | D        | Found a bloodstained altar of Trog.
   163 | D        | Found a sparkling altar of Nemelex Xobeh.
   164 | D        | Found a white marble altar of Elyvilon.
   165 | D        | Found a roughly hewn altar of Beogh.
   166 | D        | Found a viscous altar of Jiyva.
   167 | D        | Found a corrupted altar of Lugonu.
   168 | D        | Found a blossoming altar of Fedhas.
   169 | D        | Found a snail-covered altar of Cheibriados.
   170 | D        | Found a shadowy altar of Dithmenos.
   171 | D        | Found a stormy altar of Qazlal.
   172 | D        | Found an opulent altar of Gozag.
   173 | D        | Found a sacrificial altar of Ru.
   174 | D        | Found an oddly glowing altar of Pakellas.
   175 | D        | Found a hide-covered altar of Uskayaw.
   176 | D        | Found a hazy altar of Hepliaklqana.
   235 | D        | Noticed a centaur
   235 | D        | Noticed an ogre
   235 | D        | Noticed a hill giant
   235 | D        | Noticed a centaur
   235 | D        | Noticed a centaur
   242 | D        | Killed a hill giant
   242 | D        | Reached skill level 10 in Fighting
   242 | D        | Reached skill level 9 in Maces & Flails
   242 | D        | Reached skill level 5 in Dodging
   242 | D        | Reached XP level 6. HP: 60/60 MP: 6/6
   242 | D        | Gained mutation: You have a pair of horns on your head. [demonic ancestry]
   242 | D        | Reached XP level 7. HP: 66/66 MP: 7/7
   243 | D        | Received a gift from Trog
   243 | D        | Reached skill level 10 in Maces & Flails
   247 | D        | Reached skill level 5 in Armour
   254 | D        | Reached ***** piety under Trog
   258 | D        | Noticed a hippogriff
   258 | D        | Noticed a white ugly thing
   258 | D        | Noticed a komodo dragon
   258 | D        | Noticed a cyclops
   418 | D        | Received a gift from Trog
   418 | D        | Reached XP level 8. HP: 75/75 MP: 8/8
   422 | D        | Killed a cyclops
   422 | D        | Reached skill level 11 in Maces & Flails
   424 | D        | Killed a komodo dragon
   424 | D        | Reached skill level 1 in Stealth
   430 | D        | Killed a white ugly thing
   430 | D        | Received a gift from Trog
   430 | D        | Reached skill level 12 in Maces & Flails
   430 | D        | Gained mutation: You are immune to rotting. [demonic ancestry]
   430 | D        | Reached XP level 9. HP: 83/83 MP: 9/9
   588 | D        | Noticed a komodo dragon
   595 | D        | Killed a komodo dragon
   598 | D        | Received a gift from Trog
   605 | D        | Reached ****** piety under Trog
   605 | D        | Reached skill level 13 in Maces & Flails
   657 | D        | Noticed a six-headed hydra
   661 | D        | Killed a six-headed hydra
   661 | D        | Reached XP level 10. HP: 21/93 MP: 10/10
   665 | D        | Received a gift from Trog
   679 | D        | Reached skill level 14 in Maces & Flails
  1010 | D        | Received a gift from Trog
  1012 | D        | Reached skill level 10 in Dodging
  1192 | D        | Noticed Erica
  1200 | D        | Killed Erica
  1200 | D        | Received a gift from Trog
  1281 | D        | Received a gift from Trog
  1300 | D        | Received a gift from Trog
  1339 | D        | Noticed an orc knight
  1339 | D        | Noticed an orc sorcerer
  1340 | D        | Noticed a sun demon
  1348 | D        | Killed an orc sorcerer
  1348 | D        | Reached skill level 15 in Maces & Flails
  1357 | D        | Noticed an orc knight
  1364 | D        | Noticed an orc high priest
  1368 | D        | Killed from afar by an orc high priest

Vault maps used:
D:        linesprint

Skill      XL: |  1  2  3  4  5  6  7  8  9 10 |
---------------+-------------------------------+-----
Maces & Flails | 3 5 7 9 10 12 13 15 | 15.1
Armour         | 2 3 4 5 6 |  6.0
Dodging        | 2 3 5 6 7 9 11 | 11.0
Fighting       | 6 7 10 11 12 13 14 | 14.7
Stealth        | 1 2 |  2.7

Action                   |  1- 3 |  4- 6 |  7- 9 | 10-12 || total
-------------------------+-------+-------+-------+-------++-------
Melee: Mace              |    15 |    23 |       |       ||    38
       Headbutt          |       |     7 |    18 |    24 ||    49
       Dire flail        |       |     5 |    30 |    55 ||    90
       Great mace        |       |       |    34 |       ||    34
       Eveningstar       |       |       |       |    57 ||    57
Invok: Berserk           |     1 |     1 |     2 |     1 ||     5
       Brothers in Arms  |       |       |       |     1 ||     1
  Eat: Bread ration      |       |       |     1 |       ||     1
       Meat ration       |       |       |       |     1 ||     1
Armor: Animal skin       |       |     3 |     7 |     7 ||    17
Dodge: Dodged            |     9 |    23 |    41 |    50 ||   123
